 Dungeon Crawl Stone Soup version 0.21-a0-58-g625dad4 (webtiles) character file.

297 MackTheKnife the Magician (level 6, -2/32 HPs)
             Began as a Deep Elf Wizard on June 16, 2017.
             Slain by an orc
             ... wielding a +0 hand axe
              (7 damage)
             ... on level 4 of the Dungeon.
             The game lasted 00:05:27 (3015 turns).

MackTheKnife the Magician (Deep Elf Wizard)         Turns: 3015, Time: 00:05:28

Health: -2/32      AC:  3    Str:  4    XL:     6   Next: 12%
Magic:  9/18       EV: 13    Int: 25    God:
Gold:   153        SH:  0    Dex: 13    Spells: 10/19 levels left

rFire    . . .     SeeInvis .   m - +1 short sword (elec)
rCold    . . .     Gourm    .   (no shield)
rNeg     . . .     Faith    .   a - +0 robe
rPois    .         Spirit   .   b - +0 hat
rElec    .         Reflect  .   (no cloak)
rCorr    .         Harm     .   i - +0 pair of gloves
MR       .....                  (no boots)
Stlth    ++........             (no amulet)
HPRegen  0.10/turn              (no ring)
MPRegen  0.16/turn              (no ring)

@: very slightly contaminated
A: no striking features
a: no special abilities


You were on level 4 of the Dungeon.
You were not hungry.

You visited 1 branch of the dungeon, and saw 4 of its levels.

You collected 153 gold pieces.

Inventory:

Hand Weapons
 m - a +1 short sword of electrocution (weapon)
   (You took it off a kobold on level 2 of the Dungeon)
 n - a +0 rapier of electrocution
   (You found it on level 2 of the Dungeon)
Missiles
 s - a throwing net {=f, !d}
Armour
 a - a +0 robe (worn)
 b - a +0 hat (worn)
 i - a +0 pair of gloves (worn)
   (You found it on level 4 of the Dungeon)
Scrolls
 g - a scroll of immolation {!r}
 o - 3 scrolls of identify
Potions
 e - 2 potions of heal wounds
 f - a potion of invisibility {unknown}
 h - a potion of brilliance {unknown}
 k - a potion of lignification {!q}
Books
 c - a book of Minor Magic
Comestibles
 d - 2 bread rations {@e1}
 j - 6 meat rations {@e2}


   Skills:
 - Level 2.4 Dodging
 - Level 2.4 Stealth
 + Level 7.3 Spellcasting
 + Level 4.8 Conjurations
 - Level 1.1 Summonings
   Level 1.1 Translocations


You had 10 spell levels left.
You knew the following spells:

 Your Spells              Type           Power        Failure   Level  Hunger
a - Call Imp              Summ           ##......     6%          2    None
c - Conjure Flame         Conj/Fire      ###.....     8%          3    None
x - Mephitic Cloud        Conj/Pois/Air  ###.....     10%         3    None
z - Magic Dart            Conj           ####         1%          1    None


Dungeon Overview and Level Annotations

Branches:
Dungeon (4/15)
 Temple: D:4-7

Altars:
Gozag
Nemelex Xobeh
Trog
Uskayaw

Annotations:
D:4 Sigmund


Message History

An orc comes into view. It is wielding a mace.
The orc shouts!
The orc moves out of view.
An orc and an orc wizard come into view.
An orc comes into view. It is wielding a war axe.
The orc shouts!
The orc moves out of view.
An orc comes into view. It is wielding a flail.
You see here a tomahawk.
Aim: an orc, wielding a mace The ball explodes into a vile cloud!
The stinking cloud engulfs the orc.
The orc wizard shouts!
The orc shouts!
You hear a shout!
The orc moves out of view.
The orc is engulfed in noxious fumes.
The orc appears confused.
You now have 15/18 mp.
The orc is engulfed in noxious fumes.
The orc appears confused.
Aim: an orc, wielding a war axe and wearing a ring mail
Okay, then.
The orc is engulfed in noxious fumes.
The orc appears confused.
The orc barely misses you.
You miscast Mephitic Cloud.
You are very lightly contaminated with residual magic.
Strange energies run through your body. The orc closely misses you.
The orc wizard is engulfed in noxious fumes.
The orc wizard appears confused.
The orc wizard barely misses you.
You now have 12/18 mp.
Aim: an orc, wielding a hand axe That beam is likely to hit you.
Continue anyway?
The ball explodes into a vile cloud!
The stinking cloud engulfs the orc.
The stinking cloud engulfs you!
The stinking cloud engulfs the orc.
The stinking cloud engulfs the orc wizard.
The stinking cloud engulfs the orc.
You are engulfed in noxious fumes.
You choke on the stench!
You are confused.
You hear a shout! x3
The orc is engulfed in noxious fumes.
The orc appears confused.
The orc is engulfed in noxious fumes.
The orc appears confused.
The orc barely misses you.
The orc wizard is engulfed in noxious fumes.
The orc wizard appears confused.
The orc wizard hits the orc with a dagger.
You now have 10/18 mp.
You completely miss the orc.
You are engulfed in noxious fumes.
You choke on the stench!
You are more confused.
The orc is engulfed in noxious fumes.
The orc appears confused.
The orc wizard is engulfed in noxious fumes.
The orc wizard appears confused.
The orc wizard barely misses the orc.
You bump into the rock wall.
You are engulfed in noxious fumes.
You choke on the stench!
You are more confused.
The orc is engulfed in noxious fumes.
The orc appears confused.
The orc is engulfed in noxious fumes.
The orc appears confused.
The orc closely misses you.
The orc wizard is engulfed in noxious fumes.
The orc wizard appears confused.
You take 2 damage, and have 30/32 hp.
The orc is engulfed in noxious fumes.
The orc appears confused.
You kill the orc!
The orc hits the orc priest with a war axe.
Unknown command.
The orc closely misses you.
The orc hits the orc priest with a war axe.
The orc wizard is engulfed in noxious fumes.
Unknown command.
Sigmund shouts!
The orc priest mumbles some strange prayers to Beogh against you.
Beogh smites you!
The orc wizard is engulfed in noxious fumes.
The orc wizard appears confused.
You take 15 damage, and have 16/32 hp.
MASSIVE DAMAGE!!
Unknown command.
You bump into the rock wall.
You feel less confused. The orc hits you with a hand axe.
The orc priest looks encouraged for a moment.
You take 1 damage, and have 15/32 hp.
Unknown command.
Okay, then.
Okay, then.
The orc priest calls upon Beogh to heal the orc.
The orc's wounds heal themselves!
Things that are here:
a hand axe; 3 tomahawks
Aim: an orc priest, wielding a mace (heavily wounded)
The magic dart hits the orc priest.
The orc priest hits you with a mace!
* * * LOW HITPOINT WARNING * * *
The orc barely misses you.
You take 10 damage, and have 5/32 hp.
MASSIVE DAMAGE!!
You now have 10/18 mp.
Aim: an orc priest, wielding a mace (almost dead)
The magic dart hits the orc priest.
You kill the orc priest!
Sigmund mumbles some strange words.
Sigmund flickers and vanishes!
Deactivating autopickup; reactivate with Ctrl-A.
The orc hits you with a hand axe!
You die...

#. #.......# #.###†..#
#.#
#...[...###.############
8........##(...#..o....#
#.#...(#....({.#.......#
#...#..#######...).....#
#...#.### #.)o......#
#.......# ##o.).....#
#.#.....# #.@).....#
#.......# ##.".....#
........# #o......#
###.....# ####.####
........###### .#
#####.).##...## .
##..........## .
#..>.........# ..
#............#####..


You could see an orc wizard (confused) and 3 orcs.

Vanquished Creatures
  The ghost of Squibie the Slasher, an amateur OpGl (D:3)
  An orc priest (D:4)
  A bullfrog skeleton (D:4)
  An iguana (D:4)
  2 adders
  An ooze (D:3)
  A worm (D:3)
  4 dart slugs
  A leopard gecko (D:2)
  4 orcs (D:4)
  A ball python (D:2)
  4 giant cockroaches
  6 goblins
  12 hobgoblins
  2 quokkas
  6 bats
  A frilled lizard (D:3)
  10 kobolds
  5 rats
64 creatures vanquished.

Vanquished Creatures (collateral kills)
  A kobold (D:1)
1 creature vanquished.

Grand Total: 65 creatures vanquished

Notes
Turn   | Place    | Note
-------+----------+-------------------------------------------
     0 | D:1      | MackTheKnife the Deep Elf Wizard began the quest for the Orb.
     0 | D:1      | Reached XP level 1. HP: 10/10 MP: 7/7
   231 | D:1      | Reached XP level 2. HP: 5/15 MP: 0/9
   955 | D:1      | Learned a level 2 spell: Call Imp
  1081 | D:1      | Reached skill level 5 in Spellcasting
  1114 | D:1      | Reached skill level 2 in Conjurations
  1374 | D:2      | Reached XP level 3. HP: 15/19 MP: 1/11
  1516 | D:2      | Learned a level 3 spell: Mephitic Cloud
  1520 | D:2      | Learned a level 3 spell: Conjure Flame
  1546 | D:2      | Reached skill level 3 in Conjurations
  1606 | D:2      | You fall through a shaft!
  1607 | D:3      | Found a hide-covered altar of Uskayaw.
  1695 | D:3      | Noticed Squibie's ghost (amateur OpGl)
  1722 | D:3      | Killed Squibie's ghost
  1722 | D:3      | Reached skill level 6 in Spellcasting
  1722 | D:3      | Reached skill level 4 in Conjurations
  1722 | D:3      | Reached XP level 4. HP: 11/24 MP: 3/14
  1722 | D:3      | Reached XP level 5. HP: 13/28 MP: 3/15
  2003 | D:3      | Found a bloodstained altar of Trog.
  2286 | D:3      | Found a sparkling altar of Nemelex Xobeh.
  2289 | D:3      | Found an opulent altar of Gozag.
  2811 | D:4      | Reached skill level 7 in Spellcasting
  2849 | D:4      | Reached XP level 6. HP: 28/32 MP: 9/18
  2863 | D:4      | Noticed Sigmund
  3014 | D:4      | HP: 5/32 [orc priest/mace (10)]
  3015 | D:4      | Slain by an orc

Vault maps used:
D:1:      dpeg_arrival_concentric_ovals
D:2:      wad_river_or_something, first_bread
D:3:      grunt_temple_overflow_opulence, nicolae_overflow_crystal_walls,
          trog_hazing_becter
D:4:      minmay_temple_entry_purple_smoke, guppyfry_early_orc_mine,
          uniq_sigmund, uniq_crazy_yiuf_cottage

Skill      XL: |  1  2  3  4  5 |
---------------+----------------+-----
Spellcasting   | 5 6 7 |  7.3
Conjurations   | 2 4 |  4.8
Dodging        | |  2.4
Stealth        | |  2.4
Summonings     | |  1.1
Translocations | |  1.1

Action                   |  1- 3 |  4- 6 || total
-------------------------+-------+-------++-------
Melee: Short sword       |    45 |    14 ||    59
 Cast: Magic Dart        |    68 |    54 ||   122
       Call Imp          |     2 |       ||     2
       Conjure Flame     |     1 |     1 ||     2
       Mephitic Cloud    |       |     5 ||     5
  Use: Potion            |     1 |       ||     1
       Scroll            |       |     7 ||     7
 Stab: Sleeping          |       |     2 ||     2
  Eat: Chunk             |     2 |     4 ||     6
Armor: Robe              |    10 |     4 ||    14
       Skin              |     8 |       ||     8
Dodge: Dodged            |    35 |    21 ||    56

Vault maps used:
D:1:      dpeg_arrival_concentric_ovals
D:2:      wad_river_or_something, first_bread
D:3:      grunt_temple_overflow_opulence, nicolae_overflow_crystal_walls,
          trog_hazing_becter
D:4:      minmay_temple_entry_purple_smoke, guppyfry_early_orc_mine,
          uniq_sigmund, uniq_crazy_yiuf_cottage

Table legend:
 A = Turns spent in this place as a percentage of turns spent in the entire game.
 B = Non-inter-level travel turns spent in this place as a percentage of non-inter-level travel turns spent in the entire game.
 C = Inter-level travel turns spent in this place as a percentage of turns spent in this place.
 D = Turns resting spent in this place as a percentage of non-inter-level travel turns spent in this place.
 E = Turns spent auto-exploring this place as a percentage of non-inter-level travel turns spent in this place.
 F = Non-inter-level travel turns spent in this place divided by the number of levels of this place that you've seen.
                   A       B       C       D       E      F
               +-------+-------+-------+-------+-------+----------------------
         Total | 100.0 | 100.0 |   0.3 |   5.6 |  13.1 | 169.8
       Dungeon | 100.0 | 100.0 |   0.3 |   5.6 |  13.1 | 169.8
               +-------+-------+-------+-------+-------+----------------------

Table legend:
 A = Kills in this place as a percentage of kills in entire the game.
 B = Kills by you in this place as a percentage of kills by you in the entire game.
 C = Kills by friends in this place as a percentage of kills by friends in the entire game.
 D = Other kills in this place as a percentage of other kills in the entire game.
 E = Experience gained in this place as a percentage of experience gained in the entire game.
 F = Experience gained in this place divided by the number of levels of this place that you have seen.
                   A       B       C       D       E      F
               +-------+-------+-------+-------+-------+----------------------
         Total | 100.0 | 100.0 | 100.0 | 100.0 | 100.0 | 106.2
       Dungeon | 100.0 | 100.0 | 100.0 | 100.0 | 100.0 | 106.2
               +-------+-------+-------+-------+-------+----------------------
